 Dungeon Crawl Stone Soup version 0.24.1 (webtiles) character file.

Game seed: 16951628152753961, levelgen mode: deterministic

1339 funkygono the Cudgeler (level 8, 0/68 HPs)
             Began as a Minotaur Fighter on Mar 22, 2020.
             Was a Follower of Okawaru.
             Slain by Harold
             ... wielding a +0 scimitar
              (17 damage)
             ... on level 7 of the Dungeon.
             The game lasted 00:17:08 (5624 turns).

funkygono the Cudgeler (Minotaur Fighter)           Turns: 5624, Time: 00:17:09

Health: 0/68       AC: 13    Str: 21    XL:     8   Next: 35%
Magic:  5/7        EV: 10    Int:  5    God:    Okawaru [*.....]
Gold:   272        SH: 13    Dex: 12    Spells: 7/7 levels left

rFire    . . .     SeeInvis .   a - +1 flail
rCold    . . .     Gourm    .   c - +1 shield
rNeg     . . .     Faith    .   n - +0 chain mail
rPois    .         Spirit   .   (helmet restricted)
rElec    .         Reflect  .   (no cloak)
rCorr    .         Harm     .   (no gloves)
MR       .....                  (no boots)
Stlth    ..........             (no amulet)
HPRegen  0.21/turn              w - +1 ring of protection
MPRegen  0.10/turn              (no ring)

@: heroism, marked, lightly drained
A: retaliatory headbutt, horns 2
a: Heroism, Renounce Religion


You were on level 7 of the Dungeon.
You worshipped Okawaru.
Okawaru was aware of your devotion.
You were full.

You visited 2 branches of the dungeon, and saw 8 of its levels.

You collected 272 gold pieces.

Inventory:

Hand Weapons
 a - a +1 flail (weapon)
 t - a +0 hunting sling
Missiles
 e - 59 bolts
 g - 206 stones (quivered)
 o - 58 arrows
Armour
 b - a +0 scale mail
 c - a +1 shield (worn)
 n - a +0 chain mail (worn)
Magical Staves
 v - an uncursed staff of cold
Jewellery
 w - a +1 ring of protection (left hand)
Scrolls
 h - a scroll of remove curse
 i - a scroll of teleportation
 s - a scroll of identify
 u - a scroll of blinking {unknown}
Potions
 j - 4 potions of lignification
 k - 2 potions of curing
 l - 2 potions of haste
 m - 2 potions of mutation
 p - a potion of brilliance {unknown}
 q - 3 potions of agility
 r - 4 potions of heal wounds
 x - a potion of might
Comestibles
 f - 10 rations


   Skills:
 + Level 5.3(10.0) Fighting
 + Level 7.6(12.3) Maces & Flails
 + Level 7.4(12.1) Armour
 + Level 2.3(7.0) Dodging
 + Level 0.5(5.2) Stealth
 + Level 6.5(11.2) Shields


You had 7 spell levels left.
You didn't know any spells.
Your spell library contained the following spells:

 Spells                   Type           Power        Failure   Level  Hunger
 Animate Skeleton         Necr           N/A          99%         1    ##.....
 Apportation              Tloc           #.....       99%         1    ##.....
 Confusing Touch          Hex            #.....       99%         1    ##.....
 Summon Small Mammal      Summ           #...         99%         1    ##.....


Dungeon Overview and Level Annotations

Branches:
Dungeon (7/15)             Temple (1/1) D:6

Altars:
Ashenzari
Cheibriados
Dithmenos
Fedhas
Gozag
Kikubaaqudgha
Makhleb
Nemelex Xobeh
Okawaru
Qazlal
Ru
Sif Muna
Uskayaw
Wu Jian
Xom
Yredelemnul
Zin
The Shining One

Annotations:
D:6 Prince Ribbit
D:7 Harold


Innate Abilities, Weirdness & Mutations

You reflexively headbutt those who attack you in melee.
You have a pair of horns on your head.


Message History

* * * LOW HITPOINT WARNING * * *
You feel much better.
You gain the combat prowess of a mighty hero.
Something hits you!!
* * * LOW HITPOINT WARNING * * *
You closely miss something. You headbutt something.
You hear some strange, mumbled words.
The mark upon you grows brighter.
You thump something! Your headbutt misses something. Something hits you!
* * * LOW HITPOINT WARNING * * *
Your chain mail prevents you from hitting something.
You hear some strange, mumbled words.
The mark upon you grows brighter.
You barely miss something.
Okay, then.
You feel much better. Something hits you but does no damage.
You thump something! Something hits you.
* * * LOW HITPOINT WARNING * * *
You sock something! Your headbutt misses something. Something hits you!
You die...

.. #. .#..
.. . ....##.
.. .....#.
..# .......
.... ....O
...#.
#z{###......
#@<......#
#$....##.#
.......#
...#.....#
....##.....#
.... #.....#
... #.....#
.. .....[#


You could see an ogre and a wight.

Vanquished Creatures
  Sigmund (D:6)
  Eustachio (D:5)
  An ogre (D:6)
  A centaur (D:5)
  A big kobold (D:4)
  A bullfrog (D:6)
  A scorpion (D:4)
  2 hounds
  An orc wizard (D:4)
  A bullfrog skeleton (D:5)
  2 orc priests (D:4)
  2 centaur skeletons
  A jelly (D:6)
  Jessica (D:2)
  An iguana (D:6)
  Natasha (thrice) (D:2)
  2 worker ants
  A hound zombie (D:5)
  A worker ant zombie (D:3)
  10 adders
  2 shadow imps
  2 oozes
  An adder skeleton (D:4)
  2 worms (D:2)
  2 dart slugs
  5 leopard geckos
  8 orcs
  2 ball pythons
  14 bats
  5 giant cockroaches
  4 goblins
  8 hobgoblins
  11 jackals
  12 kobolds
  4 quokkas
  5 frilled lizards
  A quokka skeleton (D:5)
  9 rats
  A bush (D:5)
133 creatures vanquished.

Notes
Turn   | Place    | Note
-------+----------+-------------------------------------------
     0 | D:1      | funkygono the Minotaur Fighter began the quest for the Orb.
     0 | D:1      | Reached XP level 1. HP: 19/19 MP: 0/0
   106 | D:1      | Reached XP level 2. HP: 24/27 MP: 1/1
   117 | D:1      | You fall into a shaft and drop 1 floor!
   201 | D:2      | Noticed Natasha
   217 | D:2      | HP: 1/27 [Natasha/magic dart (5)]
   219 | D:2      | Killed Natasha
   219 | D:2      | Reached XP level 3. HP: 1/33 MP: 2/2
   559 | D:2      | Noticed Natasha
   569 | D:2      | Killed Natasha
   569 | D:2      | Reached XP level 4. HP: 30/40 MP: 3/3
   881 | D:1      | Reached skill level 5 in Armour
  1135 | D:2      | Noticed Jessica
  1144 | D:2      | Killed Jessica
  1144 | D:2      | Reached XP level 5. HP: 46/46 MP: 4/4
  1472 | D:2      | Noticed Natasha
  1480 | D:2      | Killed Natasha
  1684 | D:3      | Reached skill level 5 in Shields
  2040 | D:3      | Reached XP level 6. HP: 53/53 MP: 5/5
  2304 | D:3      | Found a shimmering altar of Xom.
  2342 | D:4      | Reached skill level 1 in Dodging
  2554 | D:4      | Reached skill level 5 in Maces & Flails
  2835 | D:4      | Reached XP level 7. HP: 60/60 MP: 6/6
  3074 | D:5      | Entered Level 5 of the Dungeon
  3075 | D:5      | Found an iron altar of Okawaru.
  3084 | D:5      | Noticed Eustachio
  3103 | D:5      | Killed Eustachio
  3341 | D:5      | Became a worshipper of Warmaster Okawaru
  3780 | D:5      | Found an ornate altar of the Wu Jian Council.
  3782 | D:5      | Found a glowing silver altar of Zin.
  3806 | D:5      | Reached skill level 5 in Fighting
  4390 | D:6      | Noticed Prince Ribbit
  4478 | D:6      | Found a sparkling altar of Nemelex Xobeh.
  4715 | D:6      | Reached XP level 8. HP: 62/68 MP: 7/7
  4719 | D:6      | Reached * piety under Okawaru
  4786 | D:6      | Found a staircase to the Ecumenical Temple.
  4792 | D:6      | Noticed Sigmund
  4815 | D:6      | Killed Sigmund
  5384 | Temple   | Entered the Ecumenical Temple
  5590 | D:7      | Noticed Harold
  5619 | D:7      | HP: 2/68 [something (10)]
  5624 | D:7      | Slain by Harold

Levels and vault maps discovered:
D:1:      nzn_arrival_depleted_hourglass, layout_rooms
D:2:      layout_rooms, first_ration, uniq_jessica, uniq_natasha
D:3:      layout_basic, marbit_many_paths
D:4:      layout_cave_pools
D:5:      layout_basic, chequers_temple_overflow_statue_of_worship,
          minmay_hedge_maze, st_stairs_13, okawaru_metal_pillars_3,
          uniq_eustachio
D:6:      layout_cave_pods, nemelex_xobeh_ov_fountains_minmay,
          minmay_temple_entry_stoned_glass, corexii_corridor_pit,
          uniq_prince_ribbit1, uniq_sigmund
D:7:      layout_rooms, nicolae_overflow_hidden_temple, serial_shops, shop,
          grunt_ogre_cave, uniq_harold
Temple:   nicolae_temple_figure_eight

Skill      XL: |  1  2  3  4  5  6  7  8 |
---------------+-------------------------+-----
Armour         | 4 5 6 7 |  7.4
Fighting       | 4 5 |  5.3
Shields        | 4 5 6 |  6.5
Maces & Flails | 3 4 5 6 7 |  7.6
Dodging        | 1 2 |  2.3
Stealth        | |  0.5

Action                   |  1- 3 |  4- 6 |  7- 9 || total
-------------------------+-------+-------+-------++-------
Melee: Flail             |    76 |   210 |   200 ||   486
       Headbutt          |     8 |    31 |    42 ||    81
Invok: Heroism           |       |       |     1 ||     1
  Use: Scroll            |       |     8 |     8 ||    16
       Potion            |       |       |     4 ||     4
  Eat: Chunk             |       |     7 |     3 ||    10
       Ration            |       |       |     3 ||     3
Armor: Scale mail        |    43 |     2 |       ||    45
       Chain mail        |       |    88 |    96 ||   184
Dodge: Dodged            |    38 |    52 |    47 ||   137
Block: Shield            |    41 |   114 |   106 ||   261
